 Dungeon Sprint DCSS version 0.29.1-2-gbd0b4ee654 (webtiles) character file.

Game seed: 1348056001632368726

12737 Zeld the Executioner (level 11, -4/153 HPs)
             Began as a Minotaur Berserker on Oct 23, 2022.
             Was the Champion of Trog.
             Slain by a ten-headed hydra (11 damage)
             ... while paralysed by a floating eye
             ... in the Dungeon (Sprint I: "Red Sonja").
             The game lasted 00:05:21 (3106 turns).

Zeld the Executioner (Minotaur Berserker)           Turns: 3106, Time: 00:05:22

Health: -4/153     AC: 13    Str: 28 (29) XL:     11   Next: 66%
Magic:  8/8        EV:  2    Int:  8      God:    Trog [******]
Gold:   140        SH:  0    Dex:  7      Spells: 10/10 levels left

rFire   + . .      SeeInvis .   x - +4 battleaxe (flame)
rCold   . . .      Faith    .   (shield currently unavailable)
rNeg    . . .      Spirit   .   r - +0 chain mail of Otwetos {-Tele rF+ Str+4 Int+6}
rPois   .          Reflect  .   (helmet restricted)
rElec   .          Harm     .   (no cloak)
rCorr   .          Rampage  .   (no gloves)
Will    .....      NoTele   +   (no boots)
Stlth   ..........              (no amulet)
HPRegen 0.35/turn               (no ring)
MPRegen 0.11/turn               (no ring)

@: paralysed, berserking, unable to read
A: horns 2, retaliatory headbutt, clumsy 1, deterioration 2, dopey 1, frail 1,
low MP 1, weak 1, no potion heal 1, subdued magic 2, inability to read after
injury 2
a: Renounce Religion, Berserk, Trog's Hand, Brothers in Arms


You were in the Dungeon.
You worshipped Trog.
Trog was exalted by your worship.
You visited 1 branch You collected 1778 gold pieces.
You spent 1638 gold pieces at shops.

Inventory:

Hand Weapons
 a - the +12 battleaxe of Doom {vorpal, rF- rN++}
   (Trog gifted it to you in the Dungeon)

   It inflicts extra damage upon your enemies.
   rF:        It makes you vulnerable to fire.
   rN:        It greatly protects you from negative energy.
 x - a +4 battleaxe of flaming (weapon)
Armour
 r - the +0 chain mail of Otwetos (worn) {-Tele rF+ Str+4 Int+6}
   (You bought it in a shop in the Dungeon)

   Str:       It affects your strength (+4).
   Int:       It affects your intelligence (+6).
   rF:        It protects you from fire.
   -Tele:     It prevents most forms of teleportation.
Wands
 i - a wand of mindburst (9)
 l - a wand of flame (25)
 p - a wand of quicksilver (8)
 s - a wand of polymorph (6)
Scrolls
 h - 3 scrolls of blinking
 k - 5 scrolls of identify
 m - a scroll of amnesia {unknown}
 o - a scroll of fog {unknown}
 q - a scroll of vulnerability {unknown}
 t - a scroll of poison {unknown}
 u - a scroll of enchant armour {unknown}
 w - a scroll of torment {unknown}
Potions
 b - a potion of lignification {unknown}
 c - 5 potions of curing
 d - a potion of heal wounds
 e - a potion of haste
 f - 2 potions of magic
 g - 2 potions of berserk rage
 j - 2 potions of brilliance {unknown}
 n - a potion of degeneration {unknown}
 v - a potion of flight {unknown}


   Skills:
 + Level 16.2 Fighting
 * Level 21.9 Axes
 + Level 16.0 Armour
 + Level 14.7 Dodging


You had 10 spell levels left.
You didn't know any spells.
Your spell library was empty.

Dungeon Overview and Level Annotations

Branches:
Dungeon (1/1)

Altars:
Cheibriados
Dithmenos
Elyvilon
Fedhas
Gozag
Hepliaklqana
Kikubaaqudgha
Makhleb
Nemelex Xobeh
Okawaru
Qazlal
Ru
Sif Muna
Trog
Uskayaw
Vehumet
Wu Jian
Xom
Yredelemnul
Zin
The Shining One
Jiyva
Lugonu

Shops:
D *([*[*(((**?((!?(:([=


Innate Abilities, Weirdness & Mutations

You have a pair of horns on your head.
You reflexively headbutt those who attack you in melee.
You are clumsy. (Dex -2)
Your body often deteriorates upon taking damage.
You are dopey. (Int -2)
You are frail. (-10% HP)
Your magical capacity is low. (-10% MP)
You are weak. (Str -2)
Potions are less effective at restoring your health.
Your spells are easier to cast, but less powerful.
You sometimes lose the ability to read scrolls when taking damage.


Message History

The 11-headed hydra bites you.
The 11-headed hydra bites you but does no damage.
The 11-headed hydra bites you.
The 11-headed hydra completely misses you.
You slice one of the 11-headed hydra's heads off!
The flame cauterises the wound!
You slice the ten-headed hydra!! You burn the ten-headed hydra.
Your headbutt misses the ten-headed hydra.
The ten-headed hydra is almost dead.
The ten-headed hydra barely misses you. The ten-headed hydra bites you!
The ten-headed hydra bites you but does no damage. x3
The ten-headed hydra barely misses you.
The ten-headed hydra bites you but does no damage.
The ten-headed hydra barely misses you. The ten-headed hydra bites you.
The ten-headed hydra misses you.
A red film seems to cover your vision as you go berserk!
You feel yourself moving faster!
You feel mighty!
The floating eye gazes piercingly through you!
You suddenly lose the ability to move!
The ten-headed hydra bites you!
The ten-headed hydra bites you. x2; The ten-headed hydra barely misses you.
The ten-headed hydra bites you but does no damage.
The ten-headed hydra bites you! x3
* * * LOW HITPOINT WARNING * * *
The ten-headed hydra completely misses you.
The ten-headed hydra barely misses you. The floating eye's view fixates on you.
The ten-headed hydra bites you but does no damage.
The ten-headed hydra barely misses you. The ten-headed hydra bites you!
* * * LOW HITPOINT WARNING * * *
The ten-headed hydra bites you!
* * * LOW HITPOINT WARNING * * *
The ten-headed hydra completely misses you.
The ten-headed hydra bites you.
* * * LOW HITPOINT WARNING * * *
The ten-headed hydra bites you.
* * * LOW HITPOINT WARNING * * *
The ten-headed hydra bites you.
* * * LOW HITPOINT WARNING * * *
The ten-headed hydra bites you!
You die...

#####################
..#.)#§§.)÷÷.§§§@DG$#
..##'#§####÷§§§§##$.+
.)§..#§# ##.§§## ##
###.)'.# ###+#
§##+#### §#.°☼ .#.°°○
§###... .')#°○°#


You could see a ten-headed hydra and a floating eye (charged).

Vanquished Creatures
  2 centaur warriors (D)
  Sonja (D)
  A deep troll (D)
  A lindwurm (D)
  An oklob plant (D)
  8 shining eyes (D)
  4 demonic crawlers (D)
  A gargoyle (D)
  2 unseen horrors (D)
  2 kobold demonologists (D)
  A hornet (D)
  A slime creature (D)
  Sigmund (D)
  A yak (D)
  13 hogs (D)
  2 redbacks (D)
  6 floating eyes (D)
  An ogre (D)
  7 necrophages (D)
  8 jellies (D)
  Ijyb (D)
65 creatures vanquished.

Vanquished Creatures (others)
  2 ballistomycete spores (D)
2 creatures vanquished.

Grand Total: 67 creatures vanquished

Notes
Turn   | Place    | Note
-------+----------+-------------------------------------------
     0 | D        | Zeld the Minotaur Berserker began the quest for the Orb.
     0 | D        | Reached XP level 1. HP: 19/19 MP: 0/0
     1 | D        | Noticed Ijyb
     8 | D        | Killed Ijyb
     9 | D        | Reached skill level 5 in Axes
     9 | D        | Reached XP level 2. HP: 10/28 MP: 1/1
   331 | D        | Noticed an ogre
   335 | D        | Killed an ogre
   336 | D        | Reached skill level 7 in Axes
   336 | D        | Reached skill level 5 in Armour
   336 | D        | Reached XP level 3. HP: 37/37 MP: 2/2
   336 | D        | Reached XP level 4. HP: 44/44 MP: 3/3
   441 | D        | Noticed Sigmund
   445 | D        | Killed Sigmund
   445 | D        | Reached ** piety under Trog
   446 | D        | Reached skill level 10 in Axes
   446 | D        | Reached XP level 5. HP: 52/52 MP: 4/4
   446 | D        | Reached XP level 6. HP: 60/60 MP: 5/5
   529 | D        | Found a burning altar of Makhleb.
   529 | D        | Found a viscous altar of Jiyva.
   529 | D        | Found a shimmering altar of Xom.
   529 | D        | Found a corrupted altar of Lugonu.
   529 | D        | Noticed a slime creature
   538 | D        | Killed a slime creature
   539 | D        | Reached skill level 11 in Axes
   602 | D        | Found an ornate altar of the Wu Jian Council.
   602 | D        | Found a shimmering blue altar of Sif Muna.
   604 | D        | Found a radiant altar of Vehumet.
   660 | D        | Found Unlal's Assorted Antiques.
   660 | D        | Found an ancient bone altar of Kikubaaqudgha.
   660 | D        | Found a hazy altar of Hepliaklqana.
   660 | D        | Found a hide-covered altar of Uskayaw.
   660 | D        | Found a basalt altar of Yredelemnul.
   660 | D        | Found an opulent altar of Gozag.
   660 | D        | Found a snail-covered altar of Cheibriados.
   660 | D        | Found a sacrificial altar of Ru.
   660 | D        | Found a shadowy altar of Dithmenos.
   660 | D        | Noticed a yak
   661 | D        | Found a stormy altar of Qazlal.
   661 | D        | Found a blossoming altar of Fedhas.
   661 | D        | Found a bloodstained altar of Trog.
   661 | D        | Found an iron altar of Okawaru.
   661 | D        | Found a glowing golden altar of the Shining One.
   661 | D        | Found a glowing silver altar of Zin.
   661 | D        | Found a white marble altar of Elyvilon.
   667 | D        | Killed a yak
   668 | D        | Reached skill level 12 in Axes
   668 | D        | Reached XP level 7. HP: 51/70 MP: 6/6
   668 | D        | Found a sparkling altar of Nemelex Xobeh.
   672 | D        | Bought a scroll of blinking for 240 gold pieces
   672 | D        | Bought a scroll labelled GEGAUGHISO for 32 gold pieces
   672 | D        | Bought a potion of curing for 96 gold pieces
   775 | D        | Noticed a kobold demonologist
   775 | D        | Noticed a kobold demonologist
   779 | D        | Reached *** piety under Trog
   784 | D        | Killed a kobold demonologist
   785 | D        | Reached skill level 10 in Fighting
   785 | D        | Reached skill level 13 in Axes
   785 | D        | Reached XP level 8. HP: 79/79 MP: 7/7
   790 | D        | Noticed a smoke demon
   791 | D        | Killed a kobold demonologist
   791 | D        | Reached **** piety under Trog
   792 | D        | Reached skill level 14 in Axes
   792 | D        | Reached skill level 10 in Armour
   846 | D        | Noticed Sonja
   850 | D        | Killed Sonja
   851 | D        | Reached skill level 15 in Axes
   851 | D        | Reached skill level 10 in Dodging
   956 | D        | Found Jeihauc's Assorted Antiques.
   964 | D        | Bought a scroll labelled OTES HENKADEN for 28 gold pieces
   964 | D        | Bought an amethyst potion for 25 gold pieces
   964 | D        | Bought a scroll labelled SUTHRA XEIMN for 28 gold pieces
   964 | D        | Bought a scroll labelled GEGAUGHISO for 28 gold pieces
   982 | D        | Bought a potion of curing for 96 gold pieces
   992 | D        | Noticed a deep troll
   998 | D        | Killed a deep troll
   999 | D        | Reached skill level 16 in Axes
   999 | D        | Reached XP level 9. HP: 71/90 MP: 8/8
  1094 | D        | Found Fimuqer's Armour Emporium.
  1199 | D        | Noticed a shining eye
  1199 | D        | Noticed a shining eye
  1199 | D        | Noticed a shining eye
  1199 | D        | Noticed a shining eye
  1199 | D        | Noticed a shining eye
  1199 | D        | Noticed a shining eye
  1200 | D        | Gained mutation: Potions are less effective at restoring
                  | your health. [a shining eye]
  1202 | D        | Paralysed by a floating eye for 2 turns
  1202 | D        | Gained mutation: You are clumsy. (Dex -2) [a shining eye]
  1206 | D        | Reached ***** piety under Trog
  1206 | D        | Gained mutation: You are frail. (-10% HP) [a shining eye]
  1207 | D        | Gained mutation: You are weak. (Str -2) [a shining eye]
  1210 | D        | Killed a shining eye
  1211 | D        | Killed a shining eye
  1212 | D        | Reached skill level 17 in Axes
  1214 | D        | Gained mutation: Your body sometimes deteriorates upon
                  | taking damage. [a shining eye]
  1215 | D        | Gained mutation: Your body often deteriorates upon taking
                  | damage. [a shining eye]
  1215 | D        | Gained mutation: You are dopey. (Int -2) [a shining eye]
  1216 | D        | Killed a shining eye
  1216 | D        | Gained mutation: You occasionally lose the ability to read
                  | scrolls when taking damage. [a shining eye]
  1217 | D        | Killed a shining eye
  1217 | D        | Gained mutation: Your magical capacity is low. (-10% MP) [a
                  | shining eye]
  1218 | D        | Reached XP level 10. HP: 90/90 MP: 8/8
  1218 | D        | Gained mutation: You sometimes lose the ability to read
                  | scrolls when taking damage. [a shining eye]
  1219 | D        | Killed a shining eye
  1220 | D        | Reached skill level 18 in Axes
  1220 | D        | Gained mutation: Your spells are a little easier to cast,
                  | but a little less powerful. [a shining eye]
  1222 | D        | Killed a shining eye
  1413 | D        | Noticed a shining eye
  1413 | D        | Noticed a shining eye
  1414 | D        | Paralysed by a floating eye for 3 turns
  1416 | D        | Lost mutation: You are frail. (-10% HP) [a shining eye]
  1420 | D        | Received a gift from Trog
  1421 | D        | Gained mutation: Your spells are easier to cast, but less
                  | powerful. [a shining eye]
  1427 | D        | Killed a shining eye
  1431 | D        | Gained mutation: You are frail. (-10% HP) [a shining eye]
  1432 | D        | Killed a shining eye
  1445 | D        | Found Jigetaoff's Armour Shop.
  1445 | D        | Found Zaezep's Antique Weapon Shoppe.
  1445 | D        | Found Vaonku's General Store.
  1445 | D        | Found Dyakess's Antique Armour Emporium.
  1452 | D        | Bought a scroll of identify for 22 gold pieces
  1452 | D        | Bought a scroll of identify for 22 gold pieces
  1464 | D        | Bought a fine chain mail for 180 gold pieces
  1464 | D        | Identified the +0 chain mail of Otwetos {-Tele rF+ Str+4
                  | Int+6} (You bought it in a shop in the Dungeon)
  1505 | D        | Noticed a centaur warrior
  1505 | D        | Noticed a centaur warrior
  1512 | D        | Killed a centaur warrior
  1513 | D        | Reached skill level 19 in Axes
  1514 | D        | Killed a centaur warrior
  1536 | D        | Identified the +8 dagger of Wuhar {vorpal, Fly Int+4}
  1638 | D        | Noticed an oklob plant
  1644 | D        | Killed an oklob plant
  1644 | D        | Reached ****** piety under Trog
  1974 | D        | Reached skill level 20 in Axes
  1976 | D        | Reached XP level 11. HP: 93/99 MP: 8/8
  2047 | D        | Received a gift from Trog
  2081 | D        | Identified the +12 battleaxe of Doom {vorpal, rF- rN++}
                  | (Trog gifted it to you in the Dungeon)
  2081 | D        | Received a gift from Trog
  2209 | D        | Reached skill level 15 in Fighting
  2514 | D        | Reached skill level 15 in Armour
  2533 | D        | Found Xiufio Enei's Antique Weapon Shoppe.
  2533 | D        | Found Inior's Antique Weapon Shop.
  2533 | D        | Found Qazaquc's Antique Weapon Boutique.
  2535 | D        | Found Mipidod's Assorted Antiques.
  2535 | D        | Found Diadgh's Assorted Antiques.
  2535 | D        | Found Gyral's Magic Scroll Shoppe.
  2535 | D        | Found Typpetoez's Weapon Boutique.
  2535 | D        | Found Foedimar's Weapon Emporium.
  2535 | D        | Found Awnisyr's Distillery.
  2535 | D        | Found Rawkaova's Magic Scroll Shoppe.
  2537 | D        | Bought a warped war axe for 204 gold pieces
  2537 | D        | Identified the +2 war axe of the Dove {flame, MP+9} (You
                  | bought it in a shop in the Dungeon)
  2542 | D        | Found Plog's Antique Weapon Boutique.
  2543 | D        | Bought a fizzy blue potion for 22 gold pieces
  2543 | D        | Bought a copper wand for 100 gold pieces
  2543 | D        | Bought a scroll of blinking for 187 gold pieces
  2543 | D        | Bought a wand of flame (6) for 105 gold pieces
  2543 | D        | Bought a scroll labelled ZIVUABB HEELI for 25 gold pieces
  2543 | D        | Bought a scroll labelled OKLINU NUEJU for 25 gold pieces
  2543 | D        | Bought a scroll of identify for 50 gold pieces
  2543 | D        | Found Xotzoda's Weapon Emporium.
  2543 | D        | Found Gizesenk's Book Boutique.
  2544 | D        | Bought a bubbling pink potion for 18 gold pieces
  2544 | D        | Bought a potion of berserk rage for 105 gold pieces
  2544 | D        | Found Zenu's Jewellery Emporium.
  2605 | D        | Received a gift from Trog
  2611 | D        | Reached skill level 21 in Axes
  2775 | D        | Noticed a lindwurm
  2779 | D        | Killed a lindwurm
  2841 | D        | Received a gift from Trog
  2852 | D        | Received a gift from Trog
  3102 | D        | Noticed a 12-headed hydra
  3105 | D        | Paralysed by a floating eye for 4 turns
  3106 | D        | HP: 7/153 [ten-headed hydra (4)]
  3106 | D        | Slain by a ten-headed hydra

Illustrated notes

Levels and vault maps discovered:
D:        dungeon_sprint_1 [red_sonja_temple_1, red_sonja_temple_small_1]

Skill      XL: |  1  2  3  4  5  6  7  8  9 10 11 |
---------------+----------------------------------+-----
Fighting       | 4 6 7 9 10 11 13 14 16 | 16.2
Axes           | 5 7 10 12 13 16 17 20 21 | 21.9
Armour         | 3 5 7 8 9 11 12 14 16 | 16.0
Dodging        | 3 4 6 8 10 11 13 14 | 14.7

Action                   |  1- 3 |  4- 6 |  7- 9 | 10-12 || total
-------------------------+-------+-------+-------+-------++-------
Melee: Hand axe          |     9 |    18 |    14 |       ||    41
       Headbutt          |     1 |     3 |     9 |    19 ||    32
       Punch             |       |     1 |       |     1 ||     2
       War axe           |       |       |    19 |    16 ||    35
       Broad axe         |       |       |       |    37 ||    37
       Battleaxe         |       |       |       |    43 ||    43
Invok: Berserk           |     2 |     2 |     2 |     3 ||     9
       Trog's Hand       |       |       |       |     1 ||     1
Evoke: Wand              |       |       |     4 |       ||     4
Armor: Animal skin       |       |     1 |       |       ||     1
       Chain mail        |       |       |       |    54 ||    54
Dodge: Dodged            |     2 |     5 |     6 |    35 ||    48
